[Event "*** SCC Grand Prix: Titled Tuesday Blitz"]
[Site "Chess.com"]
[Date "2020.06.09"]
[Round "3"]
[White "RusPakhom"]
[Black "kran900"]
[Result "1-0"]
[WhiteElo "2334"]
[BlackElo "2444"]
[TimeControl "180+1"]
[EndTime "9:27:24 PDT"]
[Termination "RusPakhom won by resignation"]

1. e4 e5 2. Nf3 Nc6 3. Bc4 Nf6 4. Ng5 d5 5. exd5 Na5 6. Bb5+ c6 7. dxc6 bxc6 8.
Qf3 Be7 9. O-O O-O 10. Bd3 h6 11. Ne4 Nd5 12. Ng3 Nf4 13. Bf5 Rb8 14. d3 Nd5 15. Bxc8 Qxc8 16. Nf5 Bd8 17. Bxh6 gxh6 18. Qg4+ Bg5 19. Nxh6+ Kh7 20. Qxg5 Qe6 21. Ng4 f5 22. Ne3 Rxb2 23. Nxd5 cxd5 24. Nd2 Rxc2 25. Nf3 Nc6 26.
Rab1 Rf7 27. Qh5+ Kg7 28. Ng5 Qg6 29. Qxg6+ Kxg6 30. Nxf7 Kxf7 31. Rb7+ Ke6 32. h4 Rxa2 33. h5 Nd8 34. h6 Nf7 35. h7 Nh8 36. Rb8 Ng6 37. Rg8 1-0

[Event "*** SCC Grand Prix: Titled Tuesday Blitz"]
[Site "Chess.com"]
[Date "2020.06.09"]
[Round "3"]
[White "i_am_sankalp"]
[Black "TrickyFortem"]
[Result "0-1"]
[WhiteElo "2182"]
[BlackElo "2378"]
[TimeControl "180+1"]
[EndTime "9:27:25 PDT"]
[Termination "TrickyFortem won by checkmate"]

1. e4 c5 2. Nf3 d6 3. d4 cxd4 4. Nxd4 Nf6 5. Nc3 a6 6. Bg5 e6 7. f4 Nbd7 8. Qf3 h6 9. Bh4 Qc7 10. O-O-O Be7 11. Bd3 b5 12. Rhe1 Bb7 13. Nd5 Nxd5 14.
exd5 Bxh4 15. Rxe6+ fxe6 16. Nxe6 Qb6 17. Qh5+ Ke7 18.
Qxh4+ Nf6 19. Re1 Bxd5 20. Nxg7+ Kf7 21. Nh5 Qd8 22. Nxf6 Qxf6 23. Qh5+ Kg7 24. Qxd5 Rae8 25. Rf1 Re7 26. g4 Rhe8 27. g5 hxg5 28. fxg5 Qe5 29.
Qg2 Qe3+ 30. Kd1 Rf8 31. h4 Qe5 32. Rxf8 Qe1# 0-1

[Event "*** SCC Grand Prix: Titled Tuesday Blitz"]
[Site "Chess.com"]
[Date "2020.06.09"]
[Round "3"]
[White "Training_Day"]
[Black "anastasiyakarlovych"]
[Result "1-0"]
[WhiteElo "2310"]
[BlackElo "1949"]
[TimeControl "180+1"]
[EndTime "9:27:25 PDT"]
[Termination "Training_Day won by resignation"]

1. e4 e5 2. f4 exf4 3. Nf3 Be7 4. Bc4 Bh4+ 5. Kf1 d5 6. Bxd5 Nf6 7. Nxh4 Nxd5 8.
exd5 Qxh4 9. Qe2+ Kd8 10. Qf2 Qf6 11. Nc3 Re8 12. d3 g5 13. h4 h6 14. Bd2 Bf5 15. hxg5 hxg5 16. Re1 Rxe1+ 17. Qxe1 Nd7 18. Ne4 Bxe4 19. Bc3 Qd6 20. Rh8+ Nf8 21. Qxe4 c6 22. dxc6 bxc6 23. Bb4 1-0

[Event "*** SCC Grand Prix: Titled Tuesday Blitz"]
[Site "Chess.com"]
[Date "2020.06.09"]
[Round "3"]
[White "platy3"]
[Black "AshotParvanyan"]
[Result "1-0"]
[WhiteElo "2736"]
[BlackElo "2448"]
[TimeControl "180+1"]
[EndTime "9:27:26 PDT"]
[Termination "platy3 won on time"]

1. e4 e5 2. Nf3 Nc6 3. Bb5 g6 4. c3 a6 5. Ba4 d6 6. d4 Bd7 7.
O-O Bg7 8. dxe5 dxe5 9. Bg5 f6 10.
Be3 Nge7 11. Bb3 Na5 12. Nbd2 Nxb3 13. Qxb3 Qc8 14. Bc5 Be6 15. Qa3 Nc6 16. Rad1 b6 17. Be3 Bf8 18. b4 Bg7 19. Qa4 b5 20. Qc2 O-O 21.
a4 h6 22. Nb3 Bc4 23. Rfe1 f5 24. Nfd2 Bf7 25. f3 bxa4 26. Nc5 a3 27. Qa4 Ne7 28.
Ndb3 f4 29. Bf2 Bc4 30. Na5 Bb5 31. Qxa3 Kh7 32. c4 Bc6 33. Nxc6 Nxc6 34. Qa4 Nd4 35.
Bxd4 exd4 36. Nd3 Qe6 37. c5 Qc4 38. Re2 a5 39. Rc2 Qa6 40. b5 Qe6 41. Rb1 g5 42. b6 cxb6 43. Rxb6 Qe7 44. c6 g4 45. Rb7 Qh4 46. Qxd4 1-0

[Event "*** SCC Grand Prix: Titled Tuesday Blitz"]
[Site "Chess.com"]
[Date "2020.06.09"]
[Round "3"]
[White "SergeyKarjakin"]
[Black "Biranidun"]
[Result "0-1"]
[WhiteElo "2971"]
[BlackElo "2724"]
[TimeControl "180+1"]
[EndTime "9:27:27 PDT"]
[Termination "Biranidun won on time"]

1. e4 c5 2. Nf3 d6 3. d4 cxd4 4. Nxd4 Nf6 5. Nc3 a6 6. Bd3 g6 7. Be3 Bg7 8. f3 O-O 9. Qd2 Nc6 10. O-O-O d5 11. Nxc6 bxc6 12. Bh6 Qa5 13. a3 d4 14. Ne2 Qxd2+ 15. Bxd2 c5 16. b4 Nd7 17. bxc5 a5 18. c6 Nc5 19. Bb5 Ba6 20. Bxa6 Rxa6 21.
c7 Rc8 22. Bf4 e5 23. Bg3 Rb6 24. Kd2 Rxc7 25. Ke1 Rc8 26. Kf2 Ne6 27. Rb1 Rbc6 28. Rhc1 Bh6 29. Rd1 f6 30. Bh4 Be3+ 31. Kf1 g5 32. Be1 Rxc2 33. Rb6 Kf7 34. g3 Ra2 35. Bxa5 Rcc2 36. Rb7+ Kg6 37. Re1 d3 0-1

[Event "*** SCC Grand Prix: Titled Tuesday Blitz"]
[Site "Chess.com"]
[Date "2020.06.09"]
[Round "3"]
[White "annakantane"]
[Black "Chessmatus"]
[Result "1-0"]
[WhiteElo "2172"]
[BlackElo "2481"]
[TimeControl "180+1"]
[EndTime "9:27:27 PDT"]
[Termination "annakantane won by resignation"]

1. e4 e5 2. Nf3 Nc6 3. Bb5 Nf6 4. d3 Bc5 5. h3 Nd4 6. Nxd4 Bxd4 7. c3 Bb6 8. a4 c6 9. Bc4 d5 10. exd5 cxd5 11.
Bb3 O-O 12. O-O Bf5 13. Bg5 Be6 14. Nd2 h6 15. Bh4 Re8 16. Qf3 e4 17. dxe4 dxe4 18.
Nxe4 Bxb3 19. Nxf6+ Kf8 20. Nh7+ 1-0

[Event "*** SCC Grand Prix: Titled Tuesday Blitz"]
[Site "Chess.com"]
[Date "2020.06.09"]
[Round "3"]
[White "DenLaz"]
[Black "Makswolf200817"]
[Result "1-0"]
[WhiteElo "2636"]
[BlackElo "2422"]
[TimeControl "180+1"]
[EndTime "9:27:28 PDT"]
[Termination "DenLaz won by resignation"]

1. d4 d5 2. c4 e6 3. Nf3 Nf6 4. Nc3 c6 5. e3 Nbd7 6. Qc2 Bd6 7. Bd2 O-O 8. O-O-O dxc4 9. e4 e5 10. dxe5 Bxe5 11.
Bxc4 Qe7 12. Nxe5 Nxe5 13. Bb3 Rd8 14. Be3 Be6 15. f4 Bxb3 16. axb3 Neg4 17. Bd4 c5 18. Bxf6 Qxf6 19. Nd5 Qa6 20. Kb1 Qa5 21. h3 Nh6 22. g4 Kh8 23. Qc3 Qxc3 24. bxc3 f6 25. Kc2 Nf7 26. Rhe1 Kg8 27. e5 fxe5 28. fxe5 Ng5 29. e6 Nxh3 30. e7 Re8 31. Nc7 Kf7 32. Rd7 Nf4 33. Nxe8 Rxe8 34. Rxb7 a5 35. Ra7 g5 36.
Rxa5 Rxe7 1-0

[Event "*** SCC Grand Prix: Titled Tuesday Blitz"]
[Site "Chess.com"]
[Date "2020.06.09"]
[Round "3"]
[White "korbul"]
[Black "Playgood28"]
[Result "1-0"]
[WhiteElo "2517"]
[BlackElo "2270"]
[TimeControl "180+1"]
[EndTime "9:27:31 PDT"]
[Termination "korbul won by resignation"]

1. d4 f5 2. c3 Nf6 3. Bg5 e6 4.
Nd2 Be7 5. Bxf6 Bxf6 6. e4 fxe4 7.
Nxe4 d6 8. Bd3 Nc6 9. Qc2 Qe7 10. O-O-O Bd7 11. f4 O-O-O 12. Nf3 Kb8 13. Kb1 Bc8 14. Rhe1 Rhe8 15. Re2 e5 16. d5 Na5 17. b4 Bg4 18. bxa5 Bxf3 19. gxf3 exf4 20. Nxf6 Qxf6 21. a6 Re3 22. Qb3 b6 23. Rc2 c6 24. Be4 c5 25.
Qb5 g5 26. Qc6 Qe7 27. a4 Rc8 28. Qb5 g4 29. Bf5 Rg8 30. Bxg4 h5 31. Be6 Rg7 32.
Qc6 1-0

[Event "*** SCC Grand Prix: Titled Tuesday Blitz"]
[Site "Chess.com"]
[Date "2020.06.09"]
[Round "3"]
[White "coalescenet"]
[Black "PawnEatingZombie"]
[Result "1-0"]
[WhiteElo "2351"]
[BlackElo "2114"]
[TimeControl "180+1"]
[EndTime "9:27:31 PDT"]
[Termination "coalescenet won by resignation"]

1. d4 d5 2. c4 e6 3. Nc3 Bb4 4.
e3 Nf6 5. Nf3 O-O 6. Bd2 c5 7. a3 Bxc3 8. Bxc3 Ne4 9. Bd3 Nxc3 10.
bxc3 b6 11. cxd5 exd5 12. O-O Ba6 13. Bxa6 Nxa6 14. Qd3 Nc7 15. a4 Ne6 16. Rfb1 Rb8 17.
a5 c4 18. Qf5 b5 19. Ne5 Qc7 20. Rb4 a6 21. h4 Rfe8 22. h5 f6 23. Nf3 Qd7 24.
h6 Nf8 25. Qxd7 Nxd7 26. hxg7 Kxg7 27. g4 f5 28. gxf5 Nf6 29. Ne5 Ne4 30. Rc1 Rb7 31. f3 Nd6 32. Kf2 Nxf5 33. Rh1 Nd6 34. Rbb1 Kh8 35. Rbg1 Rg7 36. Ng6+ Kg8 37. Nf4 b4 38. cxb4 c3 39. Nxd5 c2 40. Nf6+ Kf7 41. Rxg7+ Kxg7 42. Nxe8+ Nxe8 43. Rc1 1-0

[Event "*** SCC Grand Prix: Titled Tuesday Blitz"]
[Site "Chess.com"]
[Date "2020.06.09"]
[Round "3"]
[White "IgotJinxed"]
[Black "Angel_Hranitel_37"]
[Result "0-1"]
[WhiteElo "2173"]
[BlackElo "2376"]
[TimeControl "180+1"]
[EndTime "9:27:33 PDT"]
[Termination "Angel_Hranitel_37 won by resignation"]

1. d4 Nf6 2. c4 g6 3. Nc3 Bg7 4.
e4 d6 5. Nf3 O-O 6. Be2 e5 7.
O-O Nc6 8. d5 Ne7 9. Ne1 a5 10.
Be3 Nd7 11. Rc1 f5 12. f3 b6 13. a3 Nf6 14. b4 f4 15. Bf2 axb4 16. axb4 g5 17. c5 bxc5 18. bxc5 Ng6 19. cxd6 cxd6 20.
Nb5 g4 21. Nc7 Ra2 22. Ne6 Bxe6 23. dxe6 Qe7 24. Bb6 Ne8 25. Rc8 Kh8 26. Bd8 Qxe6 27. Bc4 Qxc8 28. Bxa2 Qxd8 29. fxg4 Nf6 30. Qd3 Nxg4 31.
Nc2 Qb8 32. Kh1 Qa7 33. Qf3 Qxa2 0-1

[Event "*** SCC Grand Prix: Titled Tuesday Blitz"]
[Site "Chess.com"]
[Date "2020.06.09"]
[Round "3"]
[White "WinstonSilvakov"]
[Black "LimeInTheCoconut"]
[Result "1-0"]
[WhiteElo "2106"]
[BlackElo "2467"]
[TimeControl "180+1"]
[EndTime "9:27:34 PDT"]
[Termination "WinstonSilvakov won by checkmate"]

1. d4 Nf6 2. e3 e6 3. Bd3 d5 4. Nd2 c5 5. c3 Nbd7 6. f4 b6 7. Ngf3 Bb7 8. Ne5 Be7 9. Qf3 O-O 10. O-O a5 11. Rf2 a4 12. g4 Ne8 13. g5 Nd6 14.
Bxh7+ Kxh7 15. Qh5+ Kg8 16. Rf3 Nxe5 17. dxe5 g6 18. Qh6 Nf5 19. Qh3 d4 20. e4 dxc3 21. bxc3 Ng7 22. Qh6 Nh5 23. Rh3 Re8 24. Rxh5 gxh5 25. g6 fxg6 26. Qxg6+ Kf8 27. Qh6+ Kg8 28. Qg6+ Kf8 29. f5 exf5 30. Nf3 Qd1+ 31. Kg2 Qe2+ 32. Kg3 Qxe4 33. Bh6# 1-0

[Event "*** SCC Grand Prix: Titled Tuesday Blitz"]
[Site "Chess.com"]
[Date "2020.06.09"]
[Round "3"]
[White "biaf13"]
[Black "BlackBoarder"]
[Result "0-1"]
[WhiteElo "2045"]
[BlackElo "2653"]
[TimeControl "180+1"]
[EndTime "9:27:36 PDT"]
[Termination "BlackBoarder won by resignation"]

1. e4 e6 2. d4 d5 3. Nc3 Bb4 4.
e5 Ne7 5. Qg4 c5 6. a3 Qa5 7. Bd2 cxd4 8. Qxd4 Nbc6 9. Bb5 O-O 10.
Bxc6 Nxc6 11. Qf4 d4 12. Ne4 Bxd2+ 13. Nxd2 Qxe5+ 14. Qxe5 Nxe5 15. Ngf3 Nxf3+ 16. Nxf3 e5 17. O-O-O Bg4 18. h3 Bxf3 19. gxf3 Rac8 20. Rhe1 Rc5 21. Re2 f6 22. f4 g6 23. fxe5 fxe5 24. Rde1 d3 25.
Rd2 dxc2 26. Rxc2 Rxc2+ 27. Kxc2 Rxf2+ 28. Kb3 Rf5 29. Kc4 Kf7 30. Kd5 Kf6 31. Kd6 Rf3 32. Rh1 Rd3+ 33. Kc7 Rb3 34. Rh2 e4 35. Kd6 Kf5 36.
Kd5 a5 37. Kc4 a4 38. Rf2+ Rf3 39. Rh2 Kf4 40. Kb4 e3 41. Kxa4 Rf2 42. Rh1 Rxb2 43.
Rf1+ Rf2 44. Re1 e2 45. Kb3 Ke3 46. Kc2 Rf1 0-1

[Event "*** SCC Grand Prix: Titled Tuesday Blitz"]
[Site "Chess.com"]
[Date "2020.06.09"]
[Round "3"]
[White "WildTricks"]
[Black "Chuchofrio1"]
[Result "1-0"]
[WhiteElo "2517"]
[BlackElo "2210"]
[TimeControl "180+1"]
[EndTime "9:27:37 PDT"]
[Termination "WildTricks won by resignation"]

1. e4 c5 2. Nf3 Nc6 3. d4 cxd4 4.
Nxd4 Nf6 5. Nc3 e5 6. Ndb5 d6 7.
Bg5 a6 8. Na3 b5 9. Bxf6 gxf6 10.
Nd5 Bg7 11. g3 Ne7 12. Nxe7 Qxe7 13. Bg2 Bb7 14. O-O O-O 15. c3 Rfd8 16. Nc2 f5 17. exf5 Bxg2 18. Kxg2 d5 19. Qe2 Qb7 20. Kg1 d4 21.
Rad1 Rac8 22. cxd4 exd4 23. Nb4 Re8 24. Qg4 Kh8 25. Nd3 Rc2 26. Rfe1 Qc8 27. Rxe8+ Qxe8 28. Re1 Qd8 29. Qe4 Rc8 30. Ne5 Kg8 31. f4 Qd6 32.
Qb7 Re8 33. Qxf7+ 1-0

[Event "*** SCC Grand Prix: Titled Tuesday Blitz"]
[Site "Chess.com"]
[Date "2020.06.09"]
[Round "3"]
[White "goldenpuppy"]
[Black "zajka-molotok"]
[Result "0-1"]
[WhiteElo "2194"]
[BlackElo "2380"]
[TimeControl "180+1"]
[EndTime "9:27:37 PDT"]
[Termination "zajka-molotok won by resignation"]

1. e4 d6 2. d4 Nf6 3. Nc3 c6 4. Nf3 Bg4 5. h3 Bh5 6. Be3 Nbd7 7. g4 Bg6 8. Bd3 e5 9. Qd2 Be7 10. O-O-O Qa5 11. dxe5 dxe5 12. g5 Nh5 13. Bc4 O-O-O 14. Qe2 Bb4 15. Rd3 Nf4 16. Bxf4 exf4 17. Rhd1 Nc5 18.
Rxd8+ Rxd8 19. Rxd8+ Qxd8 20. Nb1 Nxe4 21. Bxf7 Nxg5 22.
Nxg5 Qxg5 23. Qe6+ Kc7 24. Bxg6 Qg1+ 0-1

[Event "*** SCC Grand Prix: Titled Tuesday Blitz"]
[Site "Chess.com"]
[Date "2020.06.09"]
[Round "3"]
[White "mamonika"]
[Black "Xeniya2005"]
[Result "0-1"]
[WhiteElo "1930"]
[BlackElo "2310"]
[TimeControl "180+1"]
[EndTime "9:27:38 PDT"]
[Termination "Xeniya2005 won on time"]

1. e4 e6 2. d4 d5 3. Nd2 Nc6 4. e5 Nxd4 5. Ngf3 Nxf3+ 6. Nxf3 c5 7. Be2 Ne7 8. O-O Nc6 9. c4 Be7 10. Bf4 h6 11. Rc1 O-O 12. Qc2 b6 13. Rfd1 Bb7 14.
a3 Qd7 15. Rd2 Rfd8 16. Rcd1 d4 17. Ne1 Qc7 18. Bf3 Rac8 19. Nd3 a6 20. Re1 Na7 21. Bxb7 Qxb7 22. Qd1 Kh8 23. Qg4 b5 24. b3 Nc6 25.
Qh5 Bf8 26. Nc1 Na5 27. cxb5 axb5 28. Rd3 c4 29. Rg3 d3 0-1

[Event "*** SCC Grand Prix: Titled Tuesday Blitz"]
[Site "Chess.com"]
[Date "2020.06.09"]
[Round "3"]
[White "GM_dmitrij"]
[Black "Iball95"]
[Result "1-0"]
[WhiteElo "2974"]
[BlackElo "2690"]
[TimeControl "180+1"]
[EndTime "9:27:39 PDT"]
[Termination "GM_dmitrij won by resignation"]

1. e4 c5 2. Nf3 Nc6 3. Bb5 d6 4. O-O Nf6 5. Re1 Bd7 6. c3 a6 7.
Bf1 Bg4 8. d4 cxd4 9. cxd4 d5 10.
e5 Ne4 11. h3 Bh5 12. e6 fxe6 13. Nc3 Bxf3 14. Qxf3 Nxc3 15. bxc3 e5 16. dxe5 e6 17. Rb1 Qd7 18. c4 d4 19. Bd3 g6 20. Be4 Rc8 21. Qg3 Bg7 22. Ba3 Nxe5 23. Rxb7 Rc7 24. Reb1 d3 25. Rb8+ Rc8 26. Rxc8+ Qxc8 27. Bd6 Nxc4 28.
Rb8 Nxd6 29. Qxd6 Kf7 30. Rxc8 Rxc8 31. Qd7+ 1-0

[Event "*** SCC Grand Prix: Titled Tuesday Blitz"]
[Site "Chess.com"]
[Date "2020.06.09"]
[Round "3"]
[White "Zavgorodniy_Serg"]
[Black "Grandmaster2B"]
[Result "1-0"]
[WhiteElo "2649"]
[BlackElo "2426"]
[TimeControl "180+1"]
[EndTime "9:27:39 PDT"]
[Termination "Zavgorodniy_Serg won by resignation"]

1. e4 c5 2. Nf3 d6 3. c3 Nf6 4.
Bc4 Nxe4 5. Qa4+ Nc6 6. Bxf7+ Kxf7 7. Qxe4 e5 8. d4 d5 9. Nxe5+ Kg8 10. Qe2 Bf5 11. Nxc6 bxc6 12. O-O Qd7 13. Be3 c4 14. Re1 Bd6 15. Nd2 Re8 16. h3 Bxh3 17. b3 Bg4 18. f3 Bf4 19. Qf2 Bxe3 20. Rxe3 Be6 21. bxc4 dxc4 22. Rae1 Kf7 23. Ne4 Bf5 24. Ng5+ Kg6 25.
Qg3 Rxe3 26. Rxe3 h6 27. Ne6+ Kf6 1-0

[Event "*** SCC Grand Prix: Titled Tuesday Blitz"]
[Site "Chess.com"]
[Date "2020.06.09"]
[Round "3"]
[White "boo786"]
[Black "TargetA"]
[Result "1-0"]
[WhiteElo "2395"]
[BlackElo "2565"]
[TimeControl "180+1"]
[EndTime "9:27:40 PDT"]
[Termination "boo786 won by checkmate"]

1. Nf3 Nf6 2. c4 g6 3. Nc3 Bg7 4. e4 d6 5. d4 O-O 6. Be2 e5 7. d5 a5 8. Bg5 Na6 9. Nd2 Nc5 10. O-O h6 11. Be3 Nfd7 12. f3 f5 13. Nb3 b6 14. Qc2 f4 15. Bf2 g5 16. Nb5 h5 17.
Kh1 Nf6 18. Rae1 g4 19. Bh4 Bd7 20. Nxc5 bxc5 21. Qd1 Qc8 22. Qc2 Nh7 23. Bd1 Bf6 24.
Qf2 Bxb5 25. cxb5 Kg7 26. Bxf6+ Nxf6 27. Qh4 Kg6 28. g3 Qd7 29. gxf4 exf4 30. e5 dxe5 31. Rxe5 Rae8 32. Bc2+ Kf7 33. Rf5 Qd6 34. fxg4 hxg4 35. Qh7# 1-0

[Event "*** SCC Grand Prix: Titled Tuesday Blitz"]
[Site "Chess.com"]
[Date "2020.06.09"]
[Round "3"]
[White "Yoshikrov"]
[Black "kleopl"]
[Result "0-1"]
[WhiteElo "2097"]
[BlackElo "2342"]
[TimeControl "180+1"]
[EndTime "9:27:40 PDT"]
[Termination "kleopl won on time"]

1. e4 d5 2. exd5 Qxd5 3. Nc3 Qd6 4. Bc4 a6 5. d3 e6 6. Nf3 b5 7. Bb3 Bb7 8. O-O Nf6 9. Bg5 Be7 10. Re1 Nbd7 11. Qe2 c5 12. Rad1 O-O 13. Bh4 Qc6 14.
Ne4 Rfe8 15. c3 Rad8 16. Bg3 Nd5 17. Bc2 Nf8 18. Ne5 Qb6 19. Qf3 Nf6 20. Qe2 Ng6 21.
Nxf6+ Bxf6 22. Nxg6 hxg6 23. Bb3 Qc6 24. f3 Rd7 25. Be5 Bxe5 26. Qxe5 Red8 27. Bc2 Rd5 28. Qe3 a5 0-1

[Event "*** SCC Grand Prix: Titled Tuesday Blitz"]
[Site "Chess.com"]
[Date "2020.06.09"]
[Round "3"]
[White "KuzubovYuriy"]
[Black "northridgehawk"]
[Result "1-0"]
[WhiteElo "2746"]
[BlackElo "2358"]
[TimeControl "180+1"]
[EndTime "9:27:43 PDT"]
[Termination "KuzubovYuriy won by resignation"]

1. d4 Nf6 2. c4 g6 3. Nc3 d5 4. cxd5 Nxd5 5. Bd2 Nb6 6. e4 Bg7 7. Be3 Nc6 8. Bb5 O-O 9. Nge2 a6 10. Bxc6 bxc6 11. Qc2 Nc4 12. Bg5 c5 13. Nd5 f6 14.
Qxc4 e6 15. Nxf6+ Bxf6 16. Bxf6 Qxf6 17. O-O cxd4 18. Qxd4 e5 19. Qe3 Rb8 20. b3 Bg4 21. Nc3 Rbd8 22. h3 Be6 23. Rad1 Rd4 24. Ne2 Rd6 25. Rxd6 cxd6 26. Rc1 Rd8 27. Rc6 a5 28. Qb6 Bf7 29. Qxa5 Qe7 30. Rc7 Qe6 31. Rxf7 Rc8 32. Rc7 Rf8 33. Ng3 Qf6 34. Qd2 h5 35. Rd7 h4 36.
Rxd6 Qf7 37. Nf5 gxf5 38. Qg5+ 1-0

[Event "*** SCC Grand Prix: Titled Tuesday Blitz"]
[Site "Chess.com"]
[Date "2020.06.09"]
[Round "3"]
[White "Quattroporte300"]
[Black "ajian"]
[Result "0-1"]
[WhiteElo "2237"]
[BlackElo "2448"]
[TimeControl "180+1"]
[EndTime "9:27:43 PDT"]
[Termination "ajian won by resignation"]

1. e4 c5 2. Nf3 Nc6 3. d4 cxd4 4. Nxd4 Nf6 5. Nc3 e5 6. Ndb5 d6 7. Bg5 a6 8. Na3 b5 9. Bxf6 gxf6 10. Nd5 f5 11. g3 fxe4 12. Bg2 Bf5 13. O-O Bg7 14. Re1 O-O 15. c3 Rb8 16. Nc2 a5 17. a3 Be6 18.
Bxe4 f5 19. Bg2 Ne7 20. Nce3 Kh8 21. Qd2 f4 22. gxf4 exf4 23. Nxe7 Qxe7 24. Nf5 Rxf5 25.
Rad1 Re5 26. Kh1 Rf8 27. Rxe5 Bxe5 28. Qe2 f3 29. Bxf3 Qh4 0-1

[Event "*** SCC Grand Prix: Titled Tuesday Blitz"]
[Site "Chess.com"]
[Date "2020.06.09"]
[Round "3"]
[White "Haykoooo0o"]
[Black "Maxim_e2e4"]
[Result "1-0"]
[WhiteElo "2562"]
[BlackElo "2353"]
[TimeControl "180+1"]
[EndTime "9:27:45 PDT"]
[Termination "Haykoooo0o won by resignation"]

1. e4 e5 2. Nf3 Nc6 3. Be2 Nf6 4.
Nc3 g6 5. d4 exd4 6. Nxd4 Bg7 7. Be3 O-O 8. Qd2 Re8 9. f3 d5 10. Nxc6 bxc6 11. O-O-O Be6 12. e5 Nd7 13. f4 f6 14. exf6 Qxf6 15. Bd4 Qxd4 16. Qxd4 Bxd4 17. Rxd4 c5 18. Rdd1 d4 19. Nb5 Rac8 20. Bf3 a6 21.
Na7 Rb8 22. Rhe1 Kf7 23. Nc6 Rb6 24. Ne5+ Nxe5 25. Rxe5 Bxa2 26. Rxc5 1-0

[Event "*** SCC Grand Prix: Titled Tuesday Blitz"]
[Site "Chess.com"]
[Date "2020.06.09"]
[Round "3"]
[White "vladislavkovalev"]
[Black "maciek_92"]
[Result "1-0"]
[WhiteElo "2931"]
[BlackElo "2675"]
[TimeControl "180+1"]
[EndTime "9:27:50 PDT"]
[Termination "vladislavkovalev won by resignation"]

1. e4 c5 2. Be2 Nc6 3. d3 g6 4. f4 Bg7 5. Nf3 d6 6. O-O e6 7. c3 Nge7 8. Be3 b6 9. d4 O-O 10.
Kh1 f5 11. e5 dxe5 12. dxe5 Nd5 13. Qc1 Nxe3 14. Qxe3 Qe7 15. Na3 Bb7 16. Nb5 Nd8 17.
a4 Nf7 18. a5 Rfd8 19. a6 Bc6 20. Rfd1 h6 21. h4 g5 22. hxg5 hxg5 23. fxg5 Kh7 24. Nd6 Rh8 25. Nxf7 Qxf7 26. Rd6 Kg6+ 27. Kg1 Bxf3 28.
Bxf3 Rae8 29. Rad1 Re7 30. Qf4 Qe8 31. g4 Qf7 32. gxf5+ 1-0

[Event "*** SCC Grand Prix: Titled Tuesday Blitz"]
[Site "Chess.com"]
[Date "2020.06.09"]
[Round "3"]
[White "David_Paravyan"]
[Black "ElviraBerend"]
[Result "1-0"]
[WhiteElo "2982"]
[BlackElo "2385"]
[TimeControl "180+1"]
[EndTime "9:27:51 PDT"]
[Termination "David_Paravyan won by resignation"]

1. e4 e5 2. Nf3 Nc6 3. Bb5 Nf6 4.
d3 d6 5. O-O Be7 6. c3 O-O 7.
Re1 a6 8. Ba4 h6 9. Nbd2 b5 10.
Bb3 Bb7 11. Nf1 Na5 12. Bc2 Re8 13. Ng3 Bf8 14. d4 Nc4 15. a4 g6 16. b3 Nb6 17.
a5 Nbd7 18. d5 Bg7 19. h3 Qc8 20. Be3 c6 21. c4 bxc4 22. bxc4 cxd5 23. cxd5 Nc5 24. Rb1 Qc7 25. Bxc5 dxc5 26. Ba4 Red8 27. Qc2 Ne8 28. Rec1 Rac8 29. Rb6 Nd6 30. Bc6 Bxc6 31. dxc6 c4 32. Nf1 f5 33. exf5 gxf5 34. Ne3 e4 35. Nd2 c3 36. Nb1 f4 37. Nd5 Qf7 38. Nbxc3 f3 39.
Rd1 Qg6 40. Ne7+ 1-0

[Event "*** SCC Grand Prix: Titled Tuesday Blitz"]
[Site "Chess.com"]
[Date "2020.06.09"]
[Round "3"]
[White "Jbd735"]
[Black "Uchihovich"]
[Result "1-0"]
[WhiteElo "2455"]
[BlackElo "2677"]
[TimeControl "180+1"]
[EndTime "9:27:51 PDT"]
[Termination "Jbd735 won by resignation"]

1. e4 d5 2. exd5 Qxd5 3. Nc3 Qd6 4. Nf3 Nf6 5. d4 c6 6. g3 Bf5 7. Bf4 Qd8 8. Bg2 h6 9. O-O e6 10. Re1 Be7 11. Ne5 O-O 12. Ne4 Nbd7 13. Nxd7 Qxd7 14. Nxf6+ Bxf6 15. c3 Rfd8 16. Qe2 Rac8 17. Rad1 Qe7 18.
Be5 Bxe5 19. Qxe5 Qd6 20. Bf3 b6 21. Qxd6 Rxd6 22. Re5 c5 23. dxc5 Rxd1+ 24. Bxd1 bxc5 25. Kf1 Kf8 26. Ke1 Ke7 27. h4 Kd6 28. Re3 Rb8 29.
Re2 g5 30. Rd2+ Ke7 31. hxg5 hxg5 32. Bf3 Bb1 33. b3 a5 34. Bc6 Rb6 35. Bf3 f5 36.
Ke2 g4 37. Bg2 a4 38. Rb2 Be4 39. Bxe4 fxe4 40. Ke3 c4 41. b4 Rd6 42. Kxe4 Rd3 43.
Rc2 Kd6 44. Kf4 a3 45. Kxg4 Rd1 46. f4 Rb1 47. Rd2+ Ke7 48. Rd4 Rb2 49. Rxc4 Rxa2 50.
Rc7+ Kf6 51. Ra7 Ra1 52. b5 a2 53. c4 Rc1 54. Rxa2 Rxc4 55. Rb2 e5 56. b6 1-0

[Event "*** SCC Grand Prix: Titled Tuesday Blitz"]
[Site "Chess.com"]
[Date "2020.06.09"]
[Round "3"]
[White "vanyakuba"]
[Black "Aygehovit1992"]
[Result "0-1"]
[WhiteElo "2439"]
[BlackElo "2689"]
[TimeControl "180+1"]
[EndTime "9:27:53 PDT"]
[Termination "Aygehovit1992 won by resignation"]

1. e4 d6 2. d4 g6 3. Nc3 Bg7 4.
f4 Nf6 5. Nf3 O-O 6. Bd3 Bg4 7.
h3 Bxf3 8. Qxf3 Nc6 9. Be3 e5 10. dxe5 dxe5 11. f5 Nd4 12. Qf2 b5 13. Rd1 b4 14. Nd5 Nxd5 15. exd5 Qxd5 16. f6 Bh8 17. c3 bxc3 18. bxc3 Qa5 19. O-O Qxc3 20. Be4 Rad8 21. Rc1 Qb4 22. Bh6 Rfe8 23. Rfe1 Qb6 24. Bg5 Rd6 25.
Rb1 Qa6 26. Rf1 h6 27. Bxh6 Rxf6 28. Qh4 Ne2+ 29. Kh2 Rxf1 30. Rxf1 Nf4 31. Rf3 Qe2 32.
Rxf4 exf4 33. Bf3 Qe1 34. Qxf4 Be5 0-1

[Event "*** SCC Grand Prix: Titled Tuesday Blitz"]
[Site "Chess.com"]
[Date "2020.06.09"]
[Round "3"]
[White "Lovinski"]
[Black "Vision_64"]
[Result "1-0"]
[WhiteElo "2359"]
[BlackElo "2138"]
[TimeControl "180+1"]
[EndTime "9:27:53 PDT"]
[Termination "Lovinski won by checkmate"]

1. Nf3 Nf6 2. g3 d5 3. Bg2 e6 4. c4 Be7 5. O-O dxc4 6. Na3 O-O 7. Nxc4 Nc6 8. d4 a6 9. b3 b5 10. Nfe5 Nxe5 11. Nxe5 Nd5 12. Nc6 Qe8 13. Nxe7+ Qxe7 14. e4 Nb6 15. Qc2 Bb7 16. Bb2 Rac8 17. Rac1 Nd7 18.
Qd2 Rfd8 19. Qa5 Nf6 20. Rfe1 Rd7 21. Rc5 Rd6 22. e5 Rb6 23. Bxb7 Rxb7 24. exf6 Qxf6 25.
Rec1 Qf3 26. Qc3 Qe4 27. Qe3 Qg6 28. Rg5 Qf6 29. Qe5 Qf3 30. Qxg7# 1-0

[Event "*** SCC Grand Prix: Titled Tuesday Blitz"]
[Site "Chess.com"]
[Date "2020.06.09"]
[Round "3"]
[White "Lubov_Gordyk"]
[Black "eljanov"]
[Result "1/2-1/2"]
[WhiteElo "2632"]
[BlackElo "2817"]
[TimeControl "180+1"]
[EndTime "9:27:54 PDT"]
[Termination "Game drawn by agreement"]

1. e4 c6 2. Nf3 d5 3. d3 Bg4 4. Be2 e6 5. O-O Nf6 6. Nbd2 Be7 7. Ne5 Bxe2 8. Qxe2 O-O 9. Re1 Nbd7 10. Nef3 h6 11. b3 a5 12. a4 Qc7 13. e5 Nh7 14.
Bb2 b5 15. h4 Bb4 16. c3 Be7 17. g3 Qb7 18. Bc1 Rfc8 19. Nd4 Nc5 20. N2f3 bxa4 21. bxa4 Rab8 22. Be3 Qa6 23. Red1 Nb3 24. Rab1 Nxd4 25.
Nxd4 Nf8 26. Rxb8 Rxb8 27. Qg4 Kh7 28. Qf4 Kg8 29. Qg4 Kh7 30. Qf4 Kg8 1/2-1/2

[Event "*** SCC Grand Prix: Titled Tuesday Blitz"]
[Site "Chess.com"]
[Date "2020.06.09"]
[Round "3"]
[White "Hikaru"]
[Black "vpsetter"]
[Result "1-0"]
[WhiteElo "3234"]
[BlackElo "2635"]
[TimeControl "180+1"]
[EndTime "9:27:55 PDT"]
[Termination "Hikaru won by resignation"]

1. Nf3 Nf6 2. b3 d5 3. Bb2 c5 4.
e3 e6 5. d4 b6 6. Bb5+ Nbd7 7.
c4 Bb7 8. cxd5 Bxd5 9. Qe2 Be7 10. Nc3 Bxf3 11. Qxf3 cxd4 12. exd4 O-O 13. O-O a6 14. Bd3 Bb4 15. Qe2 Bxc3 16. Bxc3 Nd5 17. Bd2 b5 18. a4 bxa4 19. Rxa4 Qb6 20. Bc4 N7f6 21. Qd3 Rfd8 22. Rfa1 Nc7 23. Qe2 Rab8 24. Ba5 Qd6 25. Qe5 Nfe8 26. Bc3 Nb5 27. Ba5 Rd7 28. h4 f5 1-0